 Dungeon Crawl Stone Soup version 0.30-a0-719-gcc4359ea44 (webtiles) character file.

Game seed: 14038102387344682094

617 Hubris850 the Insei (level 7, 0/64 HPs)
             Began as an Octopode Transmuter on Jan 26, 2023.
             Slain by Edmund
             ... wielding a +1 flail of protection
              (1 damage)
             ... on level 4 of the Dungeon.
             The game lasted 00:09:45 (2944 turns).

Hubris850 the Insei (Octopode Transmuter)           Turns: 2944, Time: 00:09:45

Health: 0/64       AC: 30    Str:  9    XL:     7   Next: 45%
Magic:  12/12      EV:  2    Int: 18    God:
Gold:   172        SH:  0    Dex: 12    Spells: 12/13 levels left

rFire   . . .      SeeInvis +    k - +2 mace (protect)
rCold   . . .      Faith    .    (no shield)
rNeg    . . .      Spirit   .    (helmet currently unavailable)
rPois   +          Reflect  .    (no amulet)
rElec   .          Harm     .    s - ring of resist corrosion
rCorr   +          Rampage  .    v - ring of see invisible
Will    .....      NoTele   +    (no ring)
Stlth   ++                       (no ring)
HPRegen 0.30/turn                (no ring)
MPRegen 0.13/turn                (no ring)
                                 (no ring)
                                 (no ring)

@: tree-form, under a protective aura
A: stationary, stasis, torment immunity, boosted hp, almost no armour,
(amphibious), 8 rings, (camouflage 1), (gelatinous body 1), (nimble swimmer 1),
(tentacles)
a: no special abilities


You were on level 4 of the Dungeon.
You were a tree.
You visited 1 branch of the dungeon, and saw 4 of its levels.

You collected 172 gold pieces.

Inventory:

Hand Weapons
 c - a +0 hand axe
 d - a +0 short sword
 k - a +2 mace of protection (weapon)
 B - a +0 triple sword
Missiles
 i - 2 boomerangs
 u - 6 poisoned darts
Magical Staves
 h - a staff of death
Jewellery
 s - a ring of resist corrosion (left branch)
 v - a ring of see invisible (right branch)
Wands
 q - a wand of charming (21)
 t - a wand of flame (22)
Scrolls
 b - a scroll of blinking {unknown}
 f - 3 scrolls of identify {unknown}
 g - a scroll of fog {unknown}
 m - a scroll of enchant weapon {unknown}
 w - a scroll of acquirement {unknown}
 x - a scroll of amnesia {unknown}
 y - 2 scrolls of brand weapon {unknown}
 C - a scroll of butterflies {unknown}
Potions
 a - a potion of lignification
 e - 2 potions of might {unknown}
 j - a potion of attraction {unknown}
 l - a potion of haste {unknown}
 n - a potion of flight {unknown}
 o - 2 potions of curing {unknown}
 p - a potion of magic {unknown}
 r - a potion of mutation {unknown}
 z - 3 potions of heal wounds {unknown}
 A - a potion of brilliance {unknown}


   Skills:
 - Level 1.0 Fighting
 - Level 2.0 Dodging
 - Level 3.0 Stealth
 - Level 6.0 Unarmed Combat
 + Level 3.8 Spellcasting
 + Level 4.1 Transmutations
 + Level 0.5 Ice Magic


You had 12 spell levels left.
You knew the following spells:

 Your Spells              Type           Power      Damage    Failure   Level
a - Beastly Appendage     Tmut           36%        N/A       2%          1

Your spell library contained the following spells:

 Spells                   Type           Power      Damage    Failure   Level
 Wereblood                Tmut           18%        N/A       4%          2
 Spider Form              Tmut/Pois      10%        N/A       19%         3
 Portal Projectile        Hex/Tloc       6%         N/A       41%         3
 Tukima's Dance           Hex            3%         N/A       41%         3
 Ice Form                 Ice/Tmut       12%        N/A       50%         4
 Blade Hands              Tmut           9%         N/A       58%         5


Dungeon Overview and Level Annotations

Branches:
Dungeon (4/15)
 Temple: D:4-7

Altars:

Annotations:
D:4 exclusion: ogre, Edmund


Innate Abilities, Weirdness & Mutations

You are a tree.
Your roots penetrate the ground, keeping you stationary.
You cannot be teleported.
You are immune to unholy pain and torment.
Your maximum health is greatly increased.
You cannot wear most types of armour.
((You are amphibious.))
You can wear up to eight rings at the same time.
((Your skin changes colour to match your surroundings (Stealth+).))
((Your rubbery body absorbs attacks. (AC +1, EV +1)))
((You are camouflaged when in or above water. (Stealth+)))
((You have tentacles for arms and can constrict up to eight enemies at once.))


Message History

Edmund hits you with a +1 flail of protection.
* * * LOW HITPOINT WARNING * * *
You hit Edmund.
Your weapon exudes an aura of protection.
Edmund is severely wounded.
Edmund hits you but does no damage.
You closely miss Edmund.
Edmund is severely wounded.
Edmund hits you but does no damage. x2
You barely miss Edmund.
Edmund is severely wounded.
Edmund hits you with a +1 flail of protection.
* * * LOW HITPOINT WARNING * * *
You hit Edmund but do no damage.
Your weapon exudes an aura of protection.
Edmund is severely wounded.
Edmund hits you but does no damage. Edmund barely misses you.
You sock Edmund!
Edmund is almost dead.
Edmund gestures with his flail.
Edmund hits you but does no damage.
You closely miss Edmund.
Edmund is almost dead.
Edmund hits you but does no damage.
You hit Edmund but do no damage. You punch Edmund, but do no damage.
Edmund is almost dead.
Edmund hits you with a +1 flail of protection.
* * * LOW HITPOINT WARNING * * *
Edmund hits you with a +1 flail of protection.
* * * LOW HITPOINT WARNING * * *
You hit Edmund.
Edmund is almost dead.
Edmund hits you with a +1 flail of protection!
* * * LOW HITPOINT WARNING * * *
You hit Edmund.
Edmund is almost dead.
Edmund hits you with a +1 flail of protection.
* * * LOW HITPOINT WARNING * * *
Edmund hits you with a +1 flail of protection.
You die...

##.....## #..#####.#
##.......###........#
#.........###....#####
+.........'...........
#.........###....#####
##.......###.†..##
##.....###.....##
##...###......># ##♣##
##.....## #@# ##....#
#.# ##.#.# #.# ###.#
... #.# ... #.# ...
#.# .#.##


You could see Edmund.

Vanquished Creatures
  Grinder (D:3)
  A black bear (D:4)
  An ogre (D:4)
  A hound (D:4)
  Ijyb (D:3)
  Terence (D:3)
  Robin (D:2)
  5 gnolls
  2 adders
  A shadow imp (D:3)
  A worm (D:4)
  A dart slug (D:1)
  2 orcs (D:3)
  9 ball pythons
  10 bats
  An endoplasm (D:4)
  6 giant cockroaches
  9 goblins
  7 hobgoblins (D:2)
  8 jackals (D:1)
  9 kobolds
  4 quokkas
  3 frilled lizards
  4 rats
89 creatures vanquished.

Notes
Turn   | Place    | Note
-------+----------+-------------------------------------------
     0 | D:1      | Hubris850 the Octopode Transmuter began the quest for the
                  | Orb.
     0 | D:1      | Reached XP level 1. HP: 13/13 MP: 3/3
    49 | D:1      | Reached skill level 1 in Stealth
    99 | D:1      | Reached XP level 2. HP: 17/18 MP: 5/5
   204 | D:1      | Reached XP level 3. HP: 23/23 MP: 6/6
   655 | D:1      | Reached skill level 4 in Unarmed Combat
   657 | D:1      | Reached XP level 4. HP: 17/28 MP: 7/7
  1061 | D:2      | Noticed Robin
  1076 | D:2      | Reached skill level 5 in Unarmed Combat
  1078 | D:2      | Reached XP level 5. HP: 15/33 MP: 8/8
  1080 | D:2      | Killed Robin
  1401 | D:3      | Noticed Terence
  1408 | D:3      | Killed Terence
  1447 | D:3      | Noticed Ijyb
  1462 | D:3      | Killed Ijyb
  1958 | D:3      | Noticed Grinder
  1964 | D:3      | Killed Grinder
  1965 | D:3      | Reached skill level 6 in Unarmed Combat
  1965 | D:3      | Reached XP level 6. HP: 23/38 MP: 8/10
  2172 | D:4      | Reached XP level 7. HP: 3/43 MP: 10/12
  2920 | D:4      | Noticed Edmund
  2943 | D:4      | HP: 2/64 [Edmund/+1 flail of protection (7)]
  2944 | D:4      | Slain by Edmund

Illustrated notes

Levels and vault maps discovered:
D:1:      psy_arrival_fountain, layout_rooms
D:2:      kennysheep_six_static_rooms, layout_rooms, uniq_robin
D:3:      layout_loops_ring, kennysheep_path_1, kennysheep_generic_room_10,
          uniq_terence, uniq_ijyb, uniq_grinder
D:4:      layout_loops_corners, uniq_edmund

Skill      XL: |  1  2  3  4  5  6  7 |
---------------+----------------------+-----
Stealth        | 1 2 3 |  3.0
Unarmed Combat | 4 5 6 |  6.0
Spellcasting   | 3 |  3.8
Transmutations | 3 4 |  4.1
Fighting       | |  1.0
Dodging        | |  2.0
Ice Magic      | |  0.5

Action                     |  1- 3 |  4- 6 |  7- 9 || total
---------------------------+-------+-------+-------++-------
  Melee: Hand axe          |    10 |       |       ||    10
         Tentacles         |    19 |    25 |     7 ||    51
         Constrict         |    18 |    24 |     7 ||    49
         Short sword       |    55 |    19 |       ||    74
         Punch             |     1 |     4 |     5 ||    10
         Mace              |       |    92 |    53 ||   145
  Throw: Dart              |       |     1 |       ||     1
  Evoke: Wand              |       |     1 |       ||     1
    Use: Potion            |       |       |     1 ||     1
   Stab: Sleeping          |     6 |     8 |     6 ||    20
 Armour: Skin              |     5 |    22 |    26 ||    53
  Dodge: Dodged            |    52 |    63 |    33 ||   148

Table legend: (Time is in decaauts)
 A = Elapsed time spent in this place.
 B = Non-inter-level travel time spent in this place.
 C = Inter-level travel time spent in this place.
 D = Time resting spent in this place.
 E = Time spent auto-exploring this place.
 F = Levels seen in this place.
 G = Mean time per level.
                   A        B        C        D        E       F      G
               +--------+--------+--------+--------+--------+-----+--------+
         Total |   3000 |   2955 |     45 |    367 |   1900 |   4 |  750.0 |
       Dungeon |   3000 |   2955 |     45 |    367 |   1900 |   4 |  750.0 |
               +--------+--------+--------+--------+--------+-----+--------+

Top non-repeatable levels by time:
     D:4: 875 daAuts
     D:3: 725 daAuts
     D:1: 700 daAuts
     D:2: 699 daAuts
